 Dungeon Crawl Stone Soup version 0.30.0-11-gf55b779eaf (webtiles) character file.

Game seed: 8855466269114130298

61401 Daunt the Warrior (level 15, -9/146 HPs)
             Began as a Meteoran Monk on May 15, 2023.
             Was the Champion of Fedhas.
             Mangled by Mlioglotl (23 damage)
             ... on level 2 of the Shoals on May 16, 2023.
             The game lasted 02:09:34 (9269 turns).

Daunt the Warrior (Meteoran Monk)                   Turns: 9269, Time: 02:09:35

Health: -9/146     AC: 24    Str: 14    XL:     15   Next: 88%
Magic:  26/28      EV: 16    Int: 12    God:    Fedhas [******]
Gold:   829        SH:  0    Dex: 24    Spells: 14/14 levels left

rFire   . . .        a - +0 scimitar (flame)
rCold   . . .        d - orb {light}
rNeg    . . .        J - +8 chain mail of the Special Runes {Will+ Regen+ rCorr}
rPois   +            f - +0 helmet
rElec   .            (no cloak)
rCorr   +            (no gloves)
SInv    .            I - +2 pair of boots {Fly}
Will    ++...        O - amulet of faith Stlth
                     S - +5 ring of evasion
HPRegen 1.24/turn    Z - ring of poison resistance
MPRegen 0.21/turn

%: faith
@: flying, glowing
A: sense surroundings 2, otherworldly, glowing, explore regen
a: Renounce Religion, Wall of Briars, Grow Ballistomycete, Overgrow, Grow Oklob


You were on level 2 of the Shoals.
You worshipped Fedhas.
Fedhas was exalted by your worship.
You visited 4 branches of the dungeon, and saw 21 of its levels.
You also visited: Sewer.

You collected 979 gold pieces.
You spent 150 gold pieces at shops.

Inventory:

Hand Weapons
 a - a +0 scimitar of flaming (weapon)
 b - a +1 sling of flaming
 y - a +0 shortbow
Missiles
 c - 4 curare-tipped darts
 o - 32 stones
 q - 34 poisoned darts (quivered)
 H - 9 boomerangs
Armour
 d - an orb of light (worn)
 f - a +0 helmet (worn)
 I - a +2 pair of boots of flying (worn)
 J - the +8 chain mail of the Special Runes (worn) {Will+ Regen+ rCorr}
   (You found it on level 7 of the Dungeon)

   Regen:     It increases your rate of health regeneration.
   rCorr:     It protects you from acid and corrosion.
   Will:      It increases your willpower.
 Y - +0 fire dragon scales
Jewellery
 k - a ring of ice
 t - the ring of Tuashosch {*Slow Fly rPois Will+ rCorr}
   (You found it on level 4 of the Lair of Beasts)

   [ring of flight]

   rPois:     It protects you from poison.
   Fly:       It grants you flight.
   rCorr:     It protects you from acid and corrosion.
   *Slow:     It may slow you when you take damage.
   Will:      It increases your willpower.
 w - a +6 ring of intelligence
 O - an amulet of faith (around neck)
 Q - a ring of see invisible
 S - a +5 ring of evasion (left hand)
 W - an amulet of guardian spirit
 Z - a ring of poison resistance (right hand)
Wands
 h - a wand of roots (6)
 u - a wand of light (13)
 v - a wand of paralysis (18)
 E - a wand of polymorph (20)
 V - a wand of flame (17)
Scrolls
 i - a scroll of blinking
 l - a scroll of fog
 m - a scroll of magic mapping
 x - 4 scrolls of immolation
 z - 2 scrolls of butterflies
 A - 2 scrolls of enchant armour
 B - a scroll of fear
 C - 4 scrolls of amnesia {unknown}
 D - 2 scrolls of teleportation
 G - a scroll of enchant weapon
 M - 2 scrolls of poison
 U - a scroll of acquirement
Potions
 e - 6 potions of flight
 g - 4 potions of might
 j - 4 potions of cancellation
 n - 2 potions of curing
 p - 4 potions of heal wounds
 r - 2 potions of lignification
 s - 5 potions of haste
 F - a potion of berserk rage
 K - 3 potions of mutation
 N - a potion of brilliance
 P - 2 potions of attraction
 R - a potion of ambrosia
 T - a potion of magic
Miscellaneous
 L - a lightning rod (inert)
 X - a phantom mirror (inert)


   Skills:
 + Level 16.8 Fighting
 - Level 13.3 Long Blades
 - Level 8.7 Ranged Weapons
 - Level 10.0 Armour
 - Level 6.1 Dodging
 + Level 16.2 Invocations
 - Level 7.0 Evocations


You had 14 spell levels left.
You didn't know any spells.
Your spell library contained the following spells:

 Spells                   Type           Power      Damage    Failure   Level
 Necrotise                Necr           0%         1d4       98%         1
 Slow                     Hex            0%         N/A       98%         1
 Blink                    Tloc           0%         N/A       99%         2
 Cigotuvi's Dreadful Rot  Necr/Pois/Air  0%         N/A       99%         2
 Lesser Beckoning         Tloc           0%         N/A       99%         2
 Momentum Strike          Conj/Tloc      0%         3d8       99%         2
 Confusing Touch          Hex            0%         N/A       100%        3
 Dazzling Flash           Conj/Hex       0%         N/A       100%        3
 Gell's Gravitas          Tloc           0%         N/A       100%        3
 Teleport Other           Tloc           0%         N/A       100%        3
 Vampiric Draining        Necr           0%         2d6       100%        3
 Volatile Blastmotes      Fire/Tloc      0%         2d10      100%        3
 Dispel Undead            Necr           0%         3d6       100%        4
 Iskenderun's Mystic Bla  Conj/Tloc      0%         2d3       100%        4
 Leda's Liquefaction      Hex/Erth       0%         N/A       100%        4
 Agony                    Necr           0%         N/A       100%        5
 Lee's Rapid Deconstruct  Erth           0%         3d4*      100%        5
 Death Channel            Necr           0%         N/A       100%        6
 Dispersal                Tloc           0%         N/A       100%        6
 Starburst                Conj/Fire      0%         6d3       100%        6
 Statue Form              Tmut/Erth      0%         N/A       100%        6
 Malign Gateway           Summ/Tloc      0%         N/A       100%        7
 Chain Lightning          Conj/Air       0%         N/A       100%        9
 Fire Storm               Conj/Fire      0%         5d1       100%        9
 Shatter                  Erth           0%         3d5*      100%        9


Dungeon Overview and Level Annotations

Branches:
Dungeon (13/15) Zot: 2237  Temple (1/1) D:4 Zot: 391    Lair (5/5) D:11 Zot: 539
 Shoals (2/4) Lair:3 Zot: 647  Spider (0/4) Lair:2        Slime (0/5) Lair:4
    Orc (0/2) D:9           Sewer (visited)
 Vaults: D:13-14

Altars:
Ashenzari
Cheibriados
Dithmenos
Fedhas
Gozag
Hepliaklqana
Kikubaaqudgha
Makhleb
Nemelex Xobeh
Okawaru
Qazlal
Ru
Sif Muna
Trog
Uskayaw
Vehumet
Wu Jian
Xom
Yredelemnul
Zin
The Shining One
Jiyva

Shops:
D:3 !   D:6 :[   D:7 *   D:13 !

Annotations:
D:2 Ijyb
D:13 Josephine
Shoals:2 Mlioglotl


Innate Abilities, Weirdness & Mutations

You passively map the area around you.
You are easily found by Zot.
You glow in the dark.
You regain HP and MP as you explore.


Message History

The javelin pierces through you!
The javelin pierces through the profane servitor!!
The javelin pierces through your ballistomycete!
The javelin pierces through the apocalypse crab!
Unknown command.
Unknown command.
The white imp attacks as you move away! The white imp closely misses you.
Your ballistomycete spore explodes!
Fedhas protects your plant from harm.
The merfolk impaler appears confused.
The explosion of spores engulfs the merfolk impaler!!
The merfolk impaler is moderately wounded.
The explosion of spores engulfs the profane servitor!!
The profane servitor is moderately damaged.
The merfolk impaler hits the small abomination with a +4 trident of protection!
The apocalypse crab bites your ballistomycete!
The apocalypse crab shocks your ballistomycete!
The apocalypse crab claws your ballistomycete.
Your ballistomycete is engulfed in flames!
A chorus of shrieks assaults your mind.
A sea snake comes into view.
A satyr comes into view. It is wielding a +0 club.
Mlioglotl hits you! Mlioglotl tramples you!
* * * LOW HITPOINT WARNING * * *
You hold your ground!
You hear an angry hiss.
Unknown command.
Unknown command.
Unknown command.
You feel better.
Mlioglotl seems less confused.
The large abomination hits you!
* * * LOW HITPOINT WARNING * * *
The apocalypse crab bites your ballistomycete.
The apocalypse crab claws your ballistomycete!
The profane servitor hits you with a +1 whip!
* * * LOW HITPOINT WARNING * * *
The profane servitor draws strength from your injuries!
The profane servitor hits you but does no damage.
Mlioglotl completely misses you. Mlioglotl tramples you!!
You die...
Fedhas appreciates your contribution to the ecosystem.

~
~~~~~~~~[.~~~~~~≈≈~~
~ , ~
~c~~~~~....§..~~≈≈~
, ,,~
~~~~~~~....§..~~≈≈~~
,
~~~.~~~~..<§§..~~≈≈~
~~~.~~..[##§..~~≈≈~~
,. **
≈~~~~...?###.~~~≈≈~
~ ..* * *
,≈≈......)..~~~~≈≈≈
~ .. , *
~~~##.)X.<5m.~~~≈≈~~
~ .~ ,
*..XXX.X@#~~~~~~~≈≈
~~~ ~~ *
,...#..~A~P~~~~~~~≈~
~. , *
....XmPx4~.?~~~~~≈ ~
.. ....~t~~≈~.#.~~~~
~~~ ~ ~# ,
.#.~~m≈≈≈~...~~~~~ ~
.# ,~
..m.m)h≈≈≈~.~~~~~ ##
~ ....~≈≈≈≈≈~.~~~~≈
~ .. ,
,S..~≈≈≈≈≈≈~.~~~≈≈~
~~~ ~~
...~≈≈≈≈≈~~~~~≈≈≈~


You could see a profane servitor (summoned), 4 starcursed masses, Mlioglotl
(strong, distracted, corroded, ally target), a merfolk impaler (confused), a
merfolk javelineer, a satyr, a sea snake, 3 merfolk, an orange demon (summoned),
an apocalypse crab (summoned, ally target), a large abomination (summoned), a
raiju (summoned), a small abomination (summoned), a white imp (summoned), a
friendly oklob plant (summoned) and a friendly ballistomycete (summoned,
drained).

Vanquished Creatures
  Gastronok (D:8)
  Roxanne (Shoals:1)
  Ilsuiw (Shoals:1)
  The ghost of Bananafolds the Warrior, a journeyman MfSk of Makhleb (Lair:4)
  A merfolk impaler (Shoals:1)
  A fire dragon (Lair:5)
  5 hydras
  A catoblepas (Lair:5)
  3 boulder beetles
  A merfolk avatar (Shoals:1)
  Erica (D:9)
  A tengu warrior (D:8)
  6 death yaks (Lair:2)
  A skyshark (Shoals:1)
  Amaemon (Lair:2)
  2 sea snakes (Shoals:1)
  Lodul (D:11)
  A deep elf pyromancer (D:8)
  2 cyclopes
  4 manticores
  2 ugly things (D:8)
  A moth of wrath (Lair:4)
  Maurice (D:8)
  9 elephants (Lair:5)
  Joseph (D:9)
  The ghost of pdpol the Chopper, a novice MiFi of Gozag (D:6)
  2 black mambas
  An orange demon (Lair:2)
  3 torpor snails
  7 cane toads
  6 komodo dragons
  Psyche (D:11)
  6 rime drakes
  A kobold demonologist (D:10)
  2 merfolk (Shoals:1)
  3 trolls
  2 polar bears (Lair:3)
  2 meliai (D:12)
  7 blink frogs (Lair:5)
  8 dream sheep
  17 wyverns
  11 basilisks
  3 wraiths
  9 slime creatures
  2 water elementals (Shoals:1)
  44 yaks
  Grum (D:8)
  4 steam dragons
  Eustachio (D:5)
  4 vampire mosquitoes (D:12)
  A warg (Lair:2)
  2 swamp worms (Lair:2)
  7 water moccasins
  2 acid dragons
  2 swamp drakes (Lair:5)
  A sky beast (D:8)
  3 orc warriors
  An ice beast (D:7)
  8 black bears
  10 ogres
  7 centaurs
  16 wolves
  5 kobold brigands
  5 bullfrogs
  A gnoll sergeant (D:8)
  A scorpion (D:5)
  8 wights (D:8)
  21 killer bees
  2 howler monkeys
  An electric eel (Lair:3)
  A crimson imp (D:6)
  A hound (D:4)
  5 jellies
  3 gnoll boudas
  4 orc priests
  6 iguanas
  4 hell rats (Lair:3)
  8 orc wizards
  5 adders
  13 gnolls
  4 river rats
  A shadow imp (D:8)
  3 white imps
  6 worms
  A dart slug (D:4)
  20 orcs
  2 bats
  5 endoplasms
  A giant cockroach (D:4)
  A goblin (D:3)
  5 hobgoblins
  7 jackals
  11 kobolds
  2 quokkas (D:4)
  7 ball pythons
  A frilled lizard (D:2)
  11 rats
  A ballistomycete spore (Lair:2)
441 creatures vanquished.

Vanquished Creatures (collateral kills)
  2 merfolk sirens (Shoals:2)
  A merfolk (Shoals:2)
  2 yaks (D:11)
  40 ballistomycete spores
45 creatures vanquished.

Vanquished Creatures (others)
  A swamp dragon (Lair:5)
  An oklob plant (Lair:4)
  A sleepcap (D:5)
  A gnoll (D:5)
  4 ballistomycete spores
8 creatures vanquished.

Grand Total: 494 creatures vanquished

Notes
Turn   | Place    | Note
-------+----------+-------------------------------------------
     0 | D:1      | Daunt the Meteoran Monk began the quest for the Orb.
     0 | D:1      | Reached XP level 1. HP: 19/19 MP: 2/2
   117 | D:1      | Reached XP level 2. HP: 27/27 MP: 3/3
   313 | D:3      | Reached XP level 3. HP: 33/33 MP: 4/4
   345 | D:3      | Found Togez's Distillery.
   391 | D:3      | Noticed Ijyb
   512 | D:3      | Got the Vademecum on Grisly Peregrination
   565 | D:3      | Reached skill level 5 in Fighting
   565 | D:3      | Reached XP level 4. HP: 38/42 MP: 5/5
   623 | D:3      | Reached XP level 5. HP: 33/49 MP: 6/6
   744 | D:3      | Found a glowing drain.
   752 | Sewer    | Entered a sewer
   799 | Sewer    | Noticed a kobold brigand
   811 | Sewer    | Noticed a kobold brigand
   839 | Sewer    | Killed a kobold brigand
   840 | Sewer    | Reached skill level 5 in Long Blades
   840 | Sewer    | Reached XP level 6. HP: 23/56 MP: 7/7
   912 | Sewer    | Found a white marble altar of Elyvilon.
  1252 | D:3      | Bought a potion of degeneration for 12 gold pieces
  1338 | D:4      | Noticed an ogre
  1346 | D:4      | Reached XP level 7. HP: 58/61 MP: 8/8
  1387 | D:5      | Entered Level 5 of the Dungeon
  1409 | D:5      | Identified the +0 robe of Ygiudom {Rampage SInv}
  1412 | D:5      | Reached skill level 1 in Ranged Weapons
  1424 | D:5      | Noticed Eustachio
  1450 | D:4      | Found a staircase to the Ecumenical Temple.
  1463 | Temple   | Entered the Ecumenical Temple
  1661 | Temple   | Became a worshipper of Fedhas Madash
  1661 | Temple   | Reached * piety under Fedhas
  1661 | Temple   | Reached ** piety under Fedhas
  1783 | D:5      | Reached XP level 8. HP: 40/69 MP: 9/9
  1864 | D:5      | HP: 3/69 [gnoll/+0 halberd[a gnoll bouda] (3)]
  1942 | D:5      | Killed Eustachio
  1943 | D:5      | Reached skill level 5 in Ranged Weapons
  2247 | D:6      | Found a burning altar of Makhleb.
  2379 | D:6      | Found a broken altar of Ashenzari.
  2614 | D:7      | Gained mutation: You passively map the area around you.
                  | [Meteoran growth]
  2614 | D:7      | Reached XP level 9. HP: 16/74 MP: 10/10
  2769 | D:6      | Reached skill level 1 in Evocations
  2782 | D:6      | Found Pait's Book Boutique.
  2835 | D:6      | Found a runed translucent door.
  2835 | D:6      | Noticed pdpol's ghost (novice MiFi)
  2876 | D:6      | Killed pdpol's ghost
  2876 | D:6      | Reached *** piety under Fedhas
  2906 | D:6      | Found Qeshro's Armour Boutique.
  2906 | D:6      | Noticed an animated gold dragon scales
  2908 | D:6      | Noticed an animated storm dragon scales
  2916 | D:6      | Bought a +0 pair of boots of flying for 138 gold pieces
  3033 | D:7      | Found Tuplomn's Neck Hole.
  3079 | D:7      | Identified the +8 chain mail of the Special Runes {Will+
                  | Regen+ rCorr}
  3190 | D:8      | Reached skill level 1 in Armour
  3326 | D:8      | Reached skill level 5 in Evocations
  3376 | D:8      | Noticed Maurice
  3383 | D:8      | Reached skill level 5 in Armour
  3389 | D:8      | Reached XP level 10. HP: 47/82 MP: 11/11
  3405 | D:8      | Reached skill level 1 in Invocations
  3428 | D:8      | Killed Maurice
  3573 | D:8      | Reached skill level 5 in Invocations
  3584 | D:8      | Noticed Gastronok
  3631 | D:8      | Killed Gastronok
  3632 | D:8      | Reached skill level 10 in Long Blades
  3632 | D:8      | Reached XP level 11. HP: 57/88 MP: 15/17
  3658 | D:8      | Reached **** piety under Fedhas
  3677 | D:8      | Noticed a cyan ugly thing
  3682 | D:8      | Noticed a white ugly thing
  3687 | D:8      | Noticed a tengu warrior
  3694 | D:8      | Noticed a deep elf pyromancer
  3714 | D:8      | Killed a tengu warrior
  3719 | D:8      | Killed a white ugly thing
  3719 | D:8      | Killed a white ugly thing
  3720 | D:8      | Killed a deep elf pyromancer
  3721 | D:8      | Reached skill level 10 in Invocations
  3811 | D:8      | Noticed Grum
  3826 | D:8      | Killed Grum
  4151 | D:9      | Found a staircase to the Orcish Mines.
  4216 | D:9      | You are sucked into a shaft and drop 2 floors!
  4275 | D:11     | Reached XP level 12. HP: 88/95 MP: 20/20
  4283 | D:11     | Noticed Lodul
  4294 | D:11     | Killed Lodul
  4343 | D:11     | Noticed Psyche
  4370 | D:11     | Killed Psyche
  4371 | D:11     | Reached skill level 5 in Dodging
  4471 | D:10     | Entered Level 10 of the Dungeon
  4509 | D:9      | Noticed Joseph
  4570 | D:9      | Killed Joseph
  4610 | D:9      | Noticed Erica
  4630 | D:9      | Killed Erica
  4850 | D:10     | Found a shimmering blue altar of Sif Muna.
  5072 | D:10     | Noticed a sun demon
  5127 | D:10     | Found a hazy altar of Hepliaklqana.
  5130 | D:10     | Found an ancient bone altar of Kikubaaqudgha.
  5131 | D:10     | Found a bloodstained altar of Trog.
  5131 | D:10     | Found an iron altar of Okawaru.
  5181 | D:11     | Found a staircase to the Lair.
  5321 | D:12     | Reached ***** piety under Fedhas
  5432 | D:12     | Reached XP level 13. HP: 101/107 MP: 21/21
  5454 | D:12     | Noticed a boulder beetle
  5473 | D:12     | Killed a boulder beetle
  5695 | D:12     | Reached skill level 10 in Armour
  5860 | D:12     | Reached skill level 10 in Fighting
  5926 | D:13     | Noticed Josephine
  5926 | D:13     | Noticed a centaur warrior
  5926 | D:13     | Found Doph's Distillery.
  5999 | D:12     | Noticed a boulder beetle
  6021 | D:12     | Killed a boulder beetle
  6032 | D:13     | Noticed a death knight
  6041 | D:12     | HP: 5/114 [freezing wraith[a death knight] (10)]
  6101 | Lair:1   | Entered Level 1 of the Lair of Beasts
  6218 | Lair:2   | Noticed Amaemon
  6228 | Lair:2   | Killed Amaemon
  6242 | Lair:2   | Noticed a death yak
  6265 | Lair:2   | Killed a death yak
  6271 | Lair:2   | Noticed a death yak
  6272 | Lair:2   | Noticed a death yak
  6279 | Lair:2   | Noticed a death yak
  6279 | Lair:2   | Noticed a death yak
  6280 | Lair:2   | Killed a death yak
  6281 | Lair:2   | Noticed a death yak
  6283 | Lair:2   | Killed a death yak
  6289 | Lair:2   | Killed a death yak
  6301 | Lair:2   | Killed a death yak
  6302 | Lair:2   | Killed a death yak
  6407 | Lair:2   | Noticed Sonja
  6408 | Lair:2   | Sonja changed into Sonja the warg
  6408 | Lair:2   | Noticed Sonja
  6417 | Lair:2   | Killed Sonja the warg
  6418 | Lair:2   | Reached XP level 14. HP: 111/129 MP: 22/22
  7006 | Lair:4   | Identified the +0 ring mail of Qalluss {Dex+3}
  7041 | Lair:5   | Entered Level 5 of the Lair of Beasts
  7192 | Lair:5   | Reached ****** piety under Fedhas
  7303 | Lair:5   | Identified a scroll of acquirement
  7439 | Lair:5   | Noticed a fire dragon
  7560 | Lair:5   | Reached skill level 15 in Fighting
  7667 | Lair:5   | Reached XP level 15. HP: 135/141 MP: 26/26
  7780 | Lair:5   | Upgraded the game from 0.30.0-10-gfe55d96785 to
                  | 0.30.0-11-gf55b779eaf
  7883 | Lair:4   | Found a transporter.
  7890 | Lair:4   | Found a transporter.
  7892 | Lair:4   | Noticed Bananafolds's ghost (journeyman MfSk)
  8044 | Lair:4   | Killed Bananafolds's ghost
  8068 | Lair:4   | Identified the ring of Tuashosch {*Slow Fly rPois Will+
                  | rCorr}
  8148 | Lair:4   | Found a viscous altar of Jiyva.
  8153 | Lair:4   | Found a staircase to the Slime Pits.
  8532 | Lair:3   | Reached skill level 15 in Invocations
  8671 | Lair:3   | Found a staircase to the Shoals.
  8678 | Shoals:1 | Entered Level 1 of the Shoals
  8679 | Shoals:1 | Noticed Roxanne
  9038 | Shoals:1 | Killed Roxanne
  9133 | Shoals:2 | Noticed Mlioglotl
  9176 | Shoals:2 | Noticed Ilsuiw
  9226 | Shoals:1 | Killed Ilsuiw
  9259 | Shoals:2 | Noticed a profane servitor
  9269 | Shoals:2 | Mangled by Mlioglotl

Illustrated notes

Levels and vault maps discovered:
D:1:      sevenhm_arrival_forest_fort_large_2, layout_rooms,
          serial_co_window_serial, co_window_cross_1, co_window_corner_a,
          co_window_of_opportunity_a, co_window_cross_1, co_window_paths_a,
          co_window_broadway_a, co_window_2corner, co_window_broadway_b,
          co_window_4corner_b, glass_columns_b, glass_columns_b,
          glass_columns_a, glass_columns_c, glass_columns_b
D:2:      layout_loops_cross
D:3:      layout_rooms, lightli_sewer_entry_pipes, serial_shops,
          nicolae_shop_peninsula, uniq_ijyb
D:4:      layout_rooms, minmay_temple_entry_tees, patterned_corridor
D:5:      layout_loops_ring, general_overflow_altar, water_maze_lemuel,
          uniq_eustachio
D:6:      layout_basic, nicolae_ashenzari_panopticon, makhleb_grotto_becter,
          serial_shops, nicolae_shop_pleasant_corner_grove,
          nicolae_shop_mannequins, hellmonk_ghost_happy_afterlife,
          serial_bayou_crossing
D:7:      layout_basic, nicolae_shop_sticking_my_neck_out
D:8:      minmay_slanted_spiral_squares, layout_loops_ring,
          minmay_quadrilaterals, uniq_gastronok, uniq_maurice, uniq_grum
D:9:      layout_basic, orc_0_dummy, uniq_erica, uniq_joseph
D:10:     layout_long_grid, lemuel_round_altar, mainiacjoe_overflow_alcove_3
D:11:     layout_roguey, due_lair_maze_entry_diamond, serial_shops,
          nicolae_stop_n_shop_2, uniq_lodul, uniq_psyche
D:12:     layout_irregular_city, minmay_misc_feat_pillars, eino_jars
D:13:     layout_cross, david_vaults_4, serial_shops,
          nicolae_shop_tiny_statue_garden, shop_fountains,
          ebering_ghost_funeral_grove, chequers_arboretum, uniq_josephine
Temple:   eino_temple_water
Lair:1:   layout_regular_city, nzn_ghost_randoct
Lair:2:   beast_lair_carwin_large_4, layout_layer_cave,
          spider_nest_entry_funnel_web, worms_lemuel, lemuel_fruit_tree,
          uniq_amaemon, uniq_sonja, uniq_fannar
Lair:3:   layout_roguey [special_room_mythical_zoo], elwin_shoals_entry_rooms
Lair:4:   layout_cellular_growth, minmay_slime_entry_pillars,
          gammafunk_ghost_berserking_beasts, infiniplex_staircase_pool
Lair:5:   wormcave, layout_cave_shapes, guppyfry_lair_end_dragon,
          grunt_megastairs_1
Shoals:1: layout_shoals, uniq_roxanne
Shoals:2: layout_shoals, nicolae_shoals_lost_giant_pillars, uniq_polyphemus,
          uniq_ilsuiw, uniq_mlioglotl

Skill      XL: |  1  2  3  4  5  6  7  8  9 10 11 12 13 14 15 |
---------------+----------------------------------------------+-----
Fighting       | 4 5 8 13 15 16 | 16.8
Long Blades    | 5 6 7 10 13 | 13.3
Ranged Weapons | 4 7 8 |  8.7
Evocations     | 5 7 |  7.0
Armour         | 5 6 8 10 | 10.0
Invocations    | 7 10 13 16 | 16.2
Dodging        | 6 |  6.1

Action                     |  1- 3 |  4- 6 |  7- 9 | 10-12 | 13-15 || total
---------------------------+-------+-------+-------+-------+-------++-------
  Melee: Falchion          |    79 |   164 |   286 |   185 |       ||   714
         Unarmed           |     1 |       |       |       |       ||     1
         Scimitar          |       |       |       |   279 |  1015 ||  1294
   Fire: Sling             |       |       |    38 |    28 |    16 ||    82
         Shortbow          |       |       |     6 |       |       ||     6
  Throw: Dart              |       |     5 |     1 |     2 |    17 ||    25
         Boomerang         |       |       |       |       |     5 ||     5
 Invoke: Grow Ballistomyce |       |       |       |     4 |     3 ||     7
         Wall of Briars    |       |       |       |     3 |     2 ||     5
         Grow Oklob        |       |       |       |       |     2 ||     2
         Overgrow          |       |       |       |       |     1 ||     1
  Evoke: Wand              |       |       |     4 |       |     2 ||     6
         Lightning rod     |       |       |       |       |     4 ||     4
         Phantom mirror    |       |       |       |       |     1 ||     1
    Use: Potion            |       |     1 |     2 |     5 |     5 ||    13
         Scroll            |       |       |    12 |     7 |    17 ||    36
   Stab: Invisible         |       |       |     1 |       |       ||     1
         Paralysed         |       |       |     3 |       |       ||     3
         Confused          |       |       |       |       |     3 ||     3
         Petrified         |       |       |       |       |    18 ||    18
 Armour: Robe              |     3 |       |       |       |       ||     3
         Scale mail        |    31 |    69 |    52 |       |       ||   152
         Skin              |     2 |       |       |       |       ||     2
         Leather armour    |       |       |     9 |       |       ||     9
         Chain mail        |       |       |    78 |   331 |   603 ||  1012
  Dodge: Dodged            |    58 |    66 |   135 |   148 |   457 ||   864
